 Dungeon Crawl Stone Soup version bcrawl-1.17.3 (webtiles) character file.

Game seed: 10445375903271932216

91 Chiseanne the Ruffian (level 4, -6/35 HPs)
             Began as a Mummy Archaeologist on Oct 25, 2019.
             Mangled by an ice beast (7 damage)
             ... on level 3 of the Dungeon.
             The game lasted 00:03:59 (2729 turns).

Chiseanne the Ruffian (Mummy Archaeologist)         Turns: 2729, Time: 00:04:00

Health: -6/35      AC: 10    Str: 14    XL:     4   Next: 33%
Magic:  4/4        EV:  9    Int: 14    God:
Gold:   224        SH:  0    Dex: 10    Spells: 3/3 levels left

rFire    x . .     SeeInvis .   n - +0 long sword
rCold    + . .     Gourm    .   (no shield)
rNeg     + + +     Faith    .   j - +1 scale mail
rPois    ∞         Spirit   .   c - +1 hat
rElec    .         Reflect  .   (no cloak)
rCorr    .         Harm     .   (no gloves)
MR       .....     Clarity  +   d - +1 pair of boots
Stlth    +.........             (no amulet)
HPRegen  0.11/turn              (no ring)
MPRegen  0.09/turn              (no ring)

@: studying Unarmed Combat
A: no food or potions, fire vulnerability, clarity, cold resistance 1, negative
energy resistance 3, torment resistance, unbreathing
a: no special abilities


You were on level 3 of the Dungeon.
You were not hungry.

You visited 1 branch of the dungeon, and saw 3 of its levels.

You collected 224 gold pieces.

Inventory:

Hand Weapons
 a - a cursed -1 club
 k - a +0 short sword
 n - a +0 long sword (weapon)
Missiles
 b - 15 poisoned needles
 g - 139 sling bullets
 i - 149 stones (quivered)
Armour
 c - a +1 hat (worn)
 d - a +1 pair of boots (worn)
 j - a +1 scale mail (worn)
Wands
 m - a wand of digging (8)
Scrolls
 h - 3 scrolls of identify
 l - a scroll of magic mapping
Books
 e - a manual of Unarmed Combat
Miscellaneous
 f - an ancient crate


   Skills:
 - Level 3.0 Fighting
 - Level 0.7 Maces & Flails
 - Level 2.4 Dodging
 - Level 2.6 Stealth
 + Level 3.3 Unarmed Combat


You had 3 spell levels left.
You didn't know any spells.
Your spell library was empty.

Dungeon Overview and Level Annotations

Branches:
Dungeon (3/12)

Altars:
Ru

Annotations:
D:2 1 runed door


Innate Abilities, Weirdness & Mutations

You do not eat or drink.
Your flesh is vulnerable to fire.
You are immune to poison.
You possess an exceptional clarity of mind.
Your flesh is cold resistant. (rC+)
You are immune to negative energy. (rN+++)
You are immune to unholy pain and torment.
You can survive without breathing.


Message History

You slash the ice beast!
The ice beast is severely wounded.
The ice beast misses you.
You hit the ice beast but do no damage.
The ice beast is severely wounded.
The ice beast barely misses you.
The ice beast hits you but does no damage.
You hit the ice beast.
The ice beast is almost dead.
The ice beast hits you but does no damage.
You barely miss the ice beast.
The ice beast is almost dead.
The ice beast barely misses you.
You barely miss the ice beast.
The ice beast is almost dead.
The ice beast hits you but does no damage.
The ice beast hits you.
* * * LOW HITPOINT WARNING * * *
The ice beast freezes you! You resist.
You die...

..................##.#######.#
#.##.###.#.######............#
.....# ####.######### ###)###
#.# #.# #.# #.# #.# .#.##.#
#)# %.....###########.#
.......).)SY@.....#
..#################


You could see an ice beast and an adder.

Vanquished Creatures
  2 adders
  2 oozes (D:1)
  2 worms (D:2)
  2 dart slugs (D:2)
  4 leopard geckos
  2 goblins (D:3)
  7 hobgoblins
  8 kobolds
  3 quokkas (D:2)
  3 ball pythons
  5 bats
  5 frilled lizards (D:2)
  7 rats
52 creatures vanquished.

Notes
Turn   | Place    | Note
-------+----------+-------------------------------------------
     0 | D:1      | Chiseanne the Mummy Archaeologist began the quest for the
                  | Orb.
     0 | D:1      | Reached XP level 1. HP: 15/15 MP: 1/1
   173 | D:1      | Reached XP level 2. HP: 22/22 MP: 2/2
   873 | D:2      | Noticed a phantom
   957 | D:3      | Reached XP level 3. HP: 13/29 MP: 3/3
  1236 | D:3      | Reached skill level 1 in Unarmed Combat
  1971 | D:2      | Reached XP level 4. HP: 29/35 MP: 4/4
  2328 | D:2      | Found a sacrificial altar of Ru.
  2477 | D:2      | Found a runed door.
  2700 | D:3      | Noticed an ice beast
  2729 | D:3      | HP: 1/35 [ice beast (2)]
  2729 | D:3      | Mangled by an ice beast

Skill      XL: |  1  2  3  4 |
---------------+-------------+-----
Fighting       | 2 3 |  3.0
Unarmed Combat | 2 3 |  3.3
Maces & Flails | |  0.7
Dodging        | |  2.4
Stealth        | |  2.6

Action                   |  1- 3 |  4- 6 || total
-------------------------+-------+-------++-------
Melee: Whip              |   170 |       ||   170
       Short sword       |    21 |    53 ||    74
       Punch             |     2 |       ||     2
       Long sword        |       |    25 ||    25
  Use: Scroll            |     4 |     2 ||     6
 Stab: Sleeping          |     2 |       ||     2
Armor: Robe              |    11 |       ||    11
       Scale mail        |   114 |    43 ||   157
Dodge: Dodged            |   111 |    33 ||   144
